Map: [ESL] Site Delta

Players

Cyan - Winner!

  • Race: Protoss Protoss
  • Spawn Location: 11:00

SCV

  • Race: Protoss Protoss
  • Spawn Location: 5:00

Event: ESL SC2 Masters 2023 Winter (Regional)

VOD

Have the link to the VOD?

Description

Time

  • Played on: Nov. 2, 2023, 8:55 a.m.
  • Length: 28:47

All games in this series

Show
View Real Time Build Order
Export as new Build Order

Cyan Protoss - Winner!

Build Orders: Oracle Opening 

Get SALT Encoding   

  12  0:00  Probe  
  13  0:12  Probe  
  14  0:18  Pylon  
  14  0:24  Probe (Chrono Boost)  
  15  0:36  Probe (Chrono Boost)  
  15  0:38  Gateway  
  16  0:45  Probe (Chrono Boost)  
  16  0:46  Assimilator  
  17  0:51  Probe  
  17  0:55  Assimilator  
  18  1:03  Probe (Chrono Boost)  
  19  1:08  Pylon  
  19  1:12  Probe (Chrono Boost)  
  20  1:19  Probe  
  21  1:26  Cybernetics Core  
  21  1:32  Probe  
  22  1:33  Zealot  
  24  1:44  Probe  
  25  1:56  Probe  
  26  2:05  Stalker (Chrono Boost)  
  28  2:10  Stargate  
  28  2:18  Pylon  
  28  2:19  Warp Gate  
  28  2:30  Stalker  
  30  2:37  Pylon  
  30  2:45  Nexus  
  30  2:50  Probe  
  31  2:56  Oracle  
  33  3:02  Probe  
  34  3:07  Stalker  
  36  3:16  Probe  
  36  3:18  Shield Battery  
  37  3:26  Pylon  
  37  3:31  Probe  
  38  3:37  Twilight Council  
  38  3:52  Gateway  
  38  4:05  Gateway, Probe  
  37  4:11  Probe  
  37  4:13  Blink (Chrono Boost)  
  38  4:21  Probe  
  38  4:23  Probe  
  40  4:29  Stalker  
  42  4:35  Probe  
  43  4:38  Probe  
  44  4:47  Probe  
  44  4:51  Probe  
  44  4:52  Stalker  
  48  4:57  Stalker  
  48  4:59  Probe  
  51  5:03  Probe  
  52  5:11  Probe  
  53  5:15  Stalker  
  53  5:16  Stalker  
  53  5:17  Probe  
  53  5:18  Pylon  
  58  5:24  Stalker, Probe  
  61  5:29  Pylon  
  61  5:33  Probe  
  62  5:38  Gateway  
  62  5:43  Stalker x2  
  62  5:46  Probe  
  67  5:53  Probe  
  67  5:56  Stalker  
  69  6:04  Nexus  
  69  6:07  Stalker  
  71  6:11  Stalker  
  71  6:15  Pylon  
  73  6:20  Stalker  
  73  6:22  Probe x2  
  77  6:39  Stalker x3  
  83  6:40  Probe  
  83  6:43  Probe  
  85  6:49  Assimilator  
  85  6:51  Pylon  
  85  6:52  Probe  
  78  7:04  Stalker x4  
  78  7:06  Probe  
  77  7:11  Probe  
  76  7:18  Probe  
  76  7:19  Probe  
  74  7:24  Probe (Chrono Boost)  
  74  7:28  Stalker x2  
  74  7:29  Stalker  
  78  7:30  Probe (Chrono Boost)  
  78  7:31  Probe (Chrono Boost)  
  78  7:35  Stalker  
  82  7:40  Probe (Chrono Boost)  
  83  7:49  Probe  
  82  7:55  Stalker x3  
  82  7:56  Probe  
  87  8:01  Stalker  
  87  8:03  Probe (Chrono Boost)  
  90  8:08  Probe (Chrono Boost)  
  91  8:13  Probe (Chrono Boost)  
  91  8:15  Probe (Chrono Boost)  
  91  8:18  Forge, Stalker x3  
  100  8:20  Probe (Chrono Boost)  
  100  8:23  Probe x2 (Chrono Boost)  
  100  8:25  Stalker  
  100  8:26  Probe (Chrono Boost)  
  104  8:30  Probe  
  104  8:33  Probe  
  103  8:37  Probe  
  98  8:41  Stalker x3  
  98  8:42  Probe  
  98  8:46  Assimilator  
  105  8:48  Gateway  
  103  8:57  Stalker  
  103  9:00  Probe  
  104  9:05  Stalker  
  104  9:06  Stalker x2  
  104  9:09  Nexus  
  108  9:11  Protoss Ground Weapons Level 1 (Chrono Boost), Pylon  
  108  9:17  Charge  
  108  9:18  Gateway  
  108  9:23  Shield Battery  
  108  9:25  Gateway, Assimilator  
  108  9:32  Gateway  
  108  9:36  Gateway  
  108  9:40  Gateway, Probe  
  109  9:45  Photon Cannon  
  109  9:47  Pylon  
  109  9:48  Photon Cannon  
  109  10:01  Probe x3  
  109  10:05  Pylon  
  112  10:10  Robotics Facility  
  112  10:12  Sentry x2, Gateway  
  112  10:13  Zealot, Shield Battery  
  118  10:14  Gateway, Pylon  
  118  10:23  Zealot x2  
  118  10:24  Zealot  
  118  10:25  Zealot  
  118  10:26  Probe x2  
  128  10:29  Shield Battery  
  128  10:34  Zealot x3  
  134  10:44  Pylon  
  134  10:46  Photon Cannon, Pylon  
  134  10:48  Protoss Ground Weapons Level 2 (Chrono Boost)  
  134  10:51  Pylon  
  134  10:52  Probe x3  
  134  10:56  Dark Shrine  
  137  10:58  Observer (Chrono Boost)  
  138  11:09  Stalker x2  
  138  11:10  Stalker x4  
  150  11:20  Warp Prism (Chrono Boost)  
  150  11:22  Pylon  
  152  11:28  Pylon  
  152  11:29  Forge  
  152  11:31  Photon Cannon  
  152  11:32  Stalker x2, Pylon  
  154  11:34  Stalker  
  154  11:36  Stalker  
  160  11:47  Stalker x5  
  170  11:55  Observer, Pylon  
  170  11:58  Nexus  
  171  12:02  Pylon  
  171  12:05  Shadow Stride (Chrono Boost)  
  171  12:08  Protoss Ground Armor Level 1 (Chrono Boost)  
  171  12:16  Zealot x6  
  171  12:17  Observer  
  171  12:19  Zealot  
  171  12:20  Zealot  
  188  12:23  Zealot x2  
  188  12:28  Photon Cannon  
  192  12:41  Protoss Ground Weapons Level 3 (Chrono Boost)  
  188  12:47  Stalker  
  188  12:48  Stalker x5  
  190  13:04  Stalker x2  
  190  13:05  Stalker x3  
  192  13:22  Stalker x4  
  192  13:23  Stalker x2  
  168  13:36  Zealot x5  
  172  13:45  Zealot x2  
  172  13:46  Dark Templar, Zealot  
  178  13:51  Dark Templar x2  
  178  13:56  Protoss Ground Armor Level 2 (Chrono Boost)  
  178  14:00  Dark Templar x2  
  178  14:01  Gateway  
  182  14:03  Gateway  
  182  14:07  Gateway  
  176  14:24  Zealot x8  
  176  14:25  Zealot  
  166  14:35  Zealot x2  
  148  14:42  Probe  
  148  14:43  Immortal  
  124  14:47  Dark Templar x3  
  124  14:48  Dark Templar  
  122  14:56  Probe  
  122  14:57  Probe x2  
  125  15:04  Dark Templar x2  
  125  15:06  Zealot x8  
  145  15:08  Probe x3  
  145  15:09  Assimilator  
  145  15:10  Shield Battery  
  145  15:11  Shield Battery  
  145  15:12  Assimilator  
  145  15:13  Pylon  
  148  15:21  Stalker  
  148  15:22  Stalker x3  
  148  15:26  Immortal (Chrono Boost)  
  160  15:32  Probe x2  
  162  15:38  Zealot x5  
  172  15:45  Stalker x3  
  172  15:49  Robotics Bay  
  178  16:01  Dark Templar x2  
  178  16:02  Zealot x4  
  190  16:11  Nexus  
  190  16:15  Protoss Ground Armor Level 3 (Chrono Boost)  
  190  16:24  Assimilator  
  190  16:26  Assimilator  
  190  16:29  Protoss Shields Level 1 (Chrono Boost)  
  168  16:54  Zealot x11  
  168  16:55  Zealot x3  
  168  17:00  Probe  
  177  17:13  Disruptor (Chrono Boost)  
  177  17:15  Gravitic Boosters (Chrono Boost)  
  173  17:23  Stalker x6  
  173  17:24  Stalker x4  
  173  17:27  Pylon  
  193  17:30  Photon Cannon  
  193  17:40  Disruptor (Chrono Boost)  
  191  17:52  Zealot x4  
  191  17:58  Stalker x2  
  188  18:11  Stalker x7  
  188  18:12  Stalker  
  170  18:17  Zealot x4  
  170  18:26  Pylon  
  166  18:27  Pylon  
  166  18:28  Dark Templar x2  
  166  18:32  Probe x3  
  173  18:35  Pylon  
  173  18:36  Photon Cannon  
  173  18:37  Shield Battery  
  173  18:40  Pylon  
  173  18:44  Dark Templar x4  
  177  18:53  Protoss Shields Level 2 (Chrono Boost)  
  169  19:06  Nexus  
  169  19:07  Pylon  
  169  19:10  Shield Battery, Probe x3  
  169  19:11  Probe  
  169  19:12  Photon Cannon  
  169  19:13  Assimilator  
  169  19:14  Assimilator  
  167  19:24  Dark Templar x4  
  171  19:38  Disruptor, Pylon  
  171  19:42  Assimilator  
  165  19:46  Assimilator  
  165  19:50  Stalker x2  
  165  19:51  Stalker x5  
  168  20:05  Stalker x4  
  168  20:06  Stalker  
  168  20:34  Disruptor (Chrono Boost)  
  166  20:39  Zealot x11  
  166  20:40  Zealot  
  178  21:00  Probe  
  178  21:01  Probe  
  178  21:03  Disruptor (Chrono Boost)  
  160  21:09  Stalker x10  
  178  21:20  Robotics Facility  
  178  21:21  Robotics Facility  
  178  21:22  Dark Templar x4  
  186  21:33  Observer (Chrono Boost)  
  186  21:37  Zealot x6  
  199  21:53  Dark Templar  
  199  21:54  Nexus  
  199  21:59  Observer  
  200  22:02  Protoss Shields Level 3 (Chrono Boost)  
  192  22:20  Nexus  
  186  22:23  Dark Templar x6, Zealot, Pylon  
  186  22:24  Zealot  
  196  22:43  Disruptor  
  200  22:48  Zealot x3  
  194  23:01  Zealot x6  
  191  23:06  Zealot  
  191  23:07  Zealot x4  
  194  23:17  Nexus  
  194  23:19  Probe x3  
  192  23:20  Probe x2  
  192  23:22  Observer  
  192  23:25  Disruptor  
  192  23:26  Observer  
  199  23:28  Pylon  
  199  23:29  Shield Battery  
  199  23:42  Photon Cannon  
  199  23:44  Photon Cannon  
  199  23:46  Photon Cannon  
  193  23:48  Photon Cannon  
  193  23:49  Observer  
  193  23:50  Shield Battery  
  193  23:51  Shield Battery  
  193  23:55  Stalker x3  
  200  24:00  Shield Battery  
  200  24:02  Photon Cannon  
  200  24:03  Pylon  
  190  24:20  Probe  
  190  24:21  Probe  
  174  24:25  Stalker x13  
  174  24:29  Nexus  
  188  24:53  Stalker x6  
  188  24:59  Disruptor  
  192  25:01  Disruptor  
  200  25:09  Stalker x2  
  187  25:22  Stalker x7  
  187  25:23  Stalker  
  173  25:39  Dark Templar x3  
  173  25:40  Dark Templar x2  
  167  25:48  Zealot x2  
  151  25:59  Probe x2  
  151  26:00  Probe x3  
  156  26:11  Probe  
  156  26:12  Probe x2  
  159  26:21  Stalker x3  
  159  26:22  Stalker  
  152  26:47  Stalker x8  
  156  27:21  Dark Templar x10  
  156  27:22  Dark Templar  
  148  27:38  Observer  
  148  27:39  Dark Templar, Zealot x2  
  155  27:47  Assimilator  
  155  27:49  Observer, Assimilator  
  154  27:52  Pylon  
  155  27:58  Observer  
  145  28:16  Observer  
  145  28:18  Pylon  
  137  28:27  Zealot, Stalker x4  
  139  28:44  Zealot x9  
Show
View Real Time Build Order
Export as new Build Order

SCV Protoss 

Build Orders: Oracle Opening, Phoenix Opening 

Get SALT Encoding   

  12  0:00  Probe  
  13  0:12  Probe  
  14  0:19  Pylon  
  14  0:24  Probe  
  15  0:37  Probe (Chrono Boost)  
  15  0:39  Gateway  
  16  0:47  Assimilator, Probe (Chrono Boost)  
  17  0:52  Probe (Chrono Boost)  
  18  1:04  Probe (Chrono Boost)  
  19  1:06  Assimilator  
  19  1:07  Pylon  
  19  1:16  Probe (Chrono Boost)  
  20  1:22  Probe (Chrono Boost)  
  21  1:26  Cybernetics Core  
  21  1:30  Probe  
  22  1:33  Zealot  
  24  1:42  Probe  
  25  1:48  Pylon  
  25  1:54  Probe  
  26  2:05  Stargate  
  26  2:19  Stalker  
  28  2:22  Pylon  
  28  2:32  Warp Gate, Probe  
  28  2:44  Probe  
  28  2:50  Nexus, Oracle (Chrono Boost)  
  29  2:56  Probe  
  33  3:07  Shield Battery  
  33  3:08  Probe  
  34  3:20  Probe  
  34  3:25  Gateway  
  35  3:28  Shield Battery  
  35  3:38  Twilight Council, Probe  
  36  3:47  Phoenix (Chrono Boost)  
  36  3:50  Probe  
  39  4:02  Probe  
  40  4:03  Probe  
  38  4:10  Blink (Chrono Boost)  
  38  4:14  Probe  
  38  4:15  Probe  
  39  4:22  Stalker  
  39  4:24  Stalker  
  39  4:27  Probe  
  39  4:28  Probe  
  43  4:39  Probe  
  43  4:40  Probe  
  43  4:43  Gateway  
  45  4:49  Gateway  
  45  4:51  Probe  
  45  4:52  Probe  
  47  4:55  Stalker  
  47  4:59  Stalker  
  51  5:03  Probe  
  51  5:04  Probe  
  53  5:15  Probe  
  53  5:20  Pylon  
  54  5:25  Nexus  
  54  5:29  Pylon  
  54  5:39  Probe  
  54  5:40  Stalker x2  
  54  5:42  Probe  
  60  5:48  Stalker x2  
  64  5:51  Probe  
  64  5:54  Shield Battery  
  65  5:59  Probe  
  65  6:02  Pylon  
  65  6:03  Probe  
  67  6:05  Stalker  
  67  6:09  Pylon  
  69  6:13  Assimilator  
  69  6:15  Robotics Facility  
  69  6:17  Probe  
  70  6:20  Probe  
  70  6:24  Stalker  
  73  6:26  Pylon  
  73  6:28  Stalker  
  71  6:34  Stalker  
  71  6:37  Probe (Chrono Boost)  
  71  6:39  Probe (Chrono Boost)  
  74  6:41  Probe (Chrono Boost)  
  74  6:44  Stalker  
  76  6:52  Probe (Chrono Boost)  
  79  6:55  Probe (Chrono Boost)  
  79  6:56  Stalker  
  79  6:57  Probe (Chrono Boost)  
  79  6:58  Probe (Chrono Boost)  
  79  7:01  Probe (Chrono Boost), Stalker  
  79  7:03  Probe, Stalker  
  79  7:06  Probe  
  79  7:13  Probe  
  80  7:16  Probe  
  80  7:17  Shield Battery  
  80  7:18  Observer (Chrono Boost), Probe  
  83  7:22  Stalker  
  83  7:23  Stalker  
  83  7:28  Stalker  
  87  7:32  Pylon  
  87  7:33  Forge  
  87  7:36  Gateway  
  86  7:37  Gateway  
  86  7:43  Stalker  
  86  7:50  Stalker x2  
  84  7:54  Stalker  
  84  7:57  Assimilator  
  86  8:12  Stalker  
  88  8:13  Stalker x2  
  92  8:20  Stalker  
  92  8:23  Gateway  
  94  8:32  Stalker x2  
  96  8:36  Stalker x3  
  92  8:45  Assimilator, Stalker  
  92  8:46  Shield Battery  
  92  8:47  Pylon  
  90  8:56  Stalker x2  
  90  9:01  Stalker x2  
  90  9:09  Photon Cannon  
  90  9:11  Stalker x2  
  90  9:16  Photon Cannon  
  94  9:22  Stalker x2  
  94  9:24  Probe x3  
  101  9:33  Stalker x3  
  101  9:36  Protoss Ground Weapons Level 1 (Chrono Boost)  
  107  9:40  Stalker x2  
  107  9:45  Nexus, Pylon  
  111  9:49  Pylon  
  110  9:59  Observer (Chrono Boost)  
  111  10:00  Stalker  
  111  10:01  Stalker  
  111  10:06  Pylon  
  111  10:07  Stalker x2  
  117  10:08  Pylon  
  117  10:13  Stalker x2  
  123  10:19  Stalker  
  125  10:22  Probe x3  
  125  10:28  Shield Battery  
  128  10:29  Photon Cannon  
  128  10:31  Stalker  
  130  10:37  Shield Battery  
  130  10:40  Observer  
  130  10:41  Probe x3  
  133  10:43  Stalker x2  
  137  10:51  Stalker  
  137  10:53  Probe x3  
  142  10:59  Probe, Pylon  
  142  11:01  Pylon  
  142  11:02  Observer (Chrono Boost)  
  144  11:08  Stalker x4  
  144  11:11  Protoss Ground Weapons Level 2 (Chrono Boost)  
  152  11:15  Robotics Bay  
  152  11:16  Assimilator  
  152  11:17  Pylon  
  152  11:21  Probe x3  
  152  11:22  Probe  
  156  11:25  Assimilator  
  156  11:26  Stalker  
  158  11:40  Photon Cannon, Pylon  
  158  11:41  Observer  
  158  11:44  Shield Battery  
  158  11:49  Robotics Facility  
  158  11:53  Stalker x7  
  172  11:58  Pylon  
  172  12:01  Disruptor (Chrono Boost)  
  176  12:14  Gateway  
  175  12:18  Pylon  
  175  12:20  Stalker x7  
  189  12:26  Disruptor (Chrono Boost)  
  193  12:35  Pylon  
  192  12:45  Disruptor  
  194  12:51  Photon Cannon  
  194  12:55  Pylon  
  190  13:00  Disruptor, Charge (Chrono Boost)  
  194  13:09  Stalker x3  
  192  13:25  Probe x2  
  188  13:30  Stalker x5  
  188  13:34  Probe x2  
  189  13:37  Probe x2, Protoss Ground Weapons Level 3 (Chrono Boost)  
  189  13:38  Stalker x2  
  189  13:39  Disruptor (Chrono Boost)  
  193  13:44  Disruptor (Chrono Boost)  
  197  13:54  Stalker  
  197  13:55  Shield Battery  
  199  13:59  Photon Cannon  
  199  14:02  Photon Cannon  
  199  14:03  Photon Cannon  
  199  14:04  Shield Battery  
  199  14:15  Observer (Chrono Boost)  
  188  14:26  Disruptor (Chrono Boost), Stalker x3  
  188  14:27  Stalker  
  178  14:36  Stalker x4  
  160  14:42  Observer  
  142  14:49  Stalker  
  142  14:50  Stalker x3  
  150  14:53  Disruptor (Chrono Boost)  
  150  14:56  Photon Cannon  
  150  14:58  Disruptor (Chrono Boost), Pylon  
  146  15:05  Photon Cannon  
  150  15:09  Stalker  
  152  15:17  Stalker, Pylon  
  152  15:18  Stalker x6  
  166  15:25  Disruptor (Chrono Boost)  
  166  15:27  Gateway  
  166  15:28  Gateway  
  170  15:40  Stalker  
  170  15:41  Stalker x4  
  180  15:50  Photon Cannon  
  180  15:56  Zealot x3  
  186  16:01  Protoss Ground Armor Level 1 (Chrono Boost)  
  186  16:03  Photon Cannon  
  186  16:05  Observer x2  
  186  16:11  Nexus  
  187  16:13  Pylon  
  187  16:17  Gravitic Boosters (Chrono Boost)  
  187  16:36  Zealot x7  
  199  16:41  Nexus  
  194  16:47  Zealot x3  
  194  16:48  Photon Cannon  
  194  16:52  Photon Cannon  
  191  16:56  Observer  
  191  17:00  Zealot x5  
  191  17:01  Zealot x2  
  195  17:10  Zealot x2  
  195  17:13  Cybernetics Core  
  200  17:18  Photon Cannon  
  198  17:45  Protoss Ground Armor Level 2 (Chrono Boost)  
  198  17:55  Zealot x6  
  170  18:14  Disruptor x2 (Chrono Boost)  
  170  18:19  Stalker x10  
  189  18:32  Pylon  
  189  18:34  Photon Cannon  
  189  18:37  Shield Battery  
  189  18:41  Disruptor (Chrono Boost)  
  189  18:43  Stalker  
  189  18:47  Disruptor (Chrono Boost)  
  189  18:48  Photon Cannon  
  199  18:52  Photon Cannon  
  189  19:06  Zealot x5  
  197  19:23  Stalker  
  199  19:36  Photon Cannon  
  199  19:39  Shield Battery  
  199  19:42  Protoss Ground Armor Level 3 (Chrono Boost)  
  194  20:00  Observer (Chrono Boost)  
  194  20:05  Zealot x2  
  181  20:14  Zealot x7  
  194  20:21  Photon Cannon  
  194  20:24  Photon Cannon  
  194  20:26  Photon Cannon  
  194  20:28  Photon Cannon  
  194  20:29  Stalker  
  194  20:30  Shield Battery, Stalker  
  198  20:43  Shield Battery  
  198  20:45  Pylon  
  198  20:59  Stalker  
  199  21:05  Nexus  
  199  21:08  Pylon  
  199  21:11  Photon Cannon  
  199  21:14  Photon Cannon  
  199  21:16  Photon Cannon  
  199  21:27  Pylon  
  192  21:52  Photon Cannon  
  186  21:56  Robotics Bay  
  186  21:57  Observer (Chrono Boost)  
  186  21:58  Stalker x6  
  198  22:02  Observer (Chrono Boost)  
  194  22:17  Stalker x2  
  196  22:29  Nexus  
  196  22:30  Pylon  
  190  22:54  Photon Cannon  
  190  22:56  Photon Cannon  
  180  22:58  Photon Cannon  
  180  22:59  Photon Cannon  
  180  23:00  Shield Battery  
  180  23:02  Protoss Shields Level 1 (Chrono Boost), Disruptor x2 (Chrono Boost)  
  177  23:11  Stalker x9  
  177  23:29  Disruptor x2  
  185  23:43  Nexus  
  179  24:00  Pylon  
  179  24:04  Photon Cannon  
  179  24:05  Disruptor (Chrono Boost)  
  179  24:07  Shield Battery  
  179  24:09  Pylon  
  187  24:11  Pylon  
  187  24:12  Disruptor (Chrono Boost)  
  180  24:33  Stalker x9  
  198  24:43  Probe  
  198  24:44  Probe x2  
  199  24:51  Assimilator  
  179  24:53  Assimilator, Probe x2  
  179  24:56  Probe x3  
  192  25:01  Observer x2 (Chrono Boost)  
  192  25:05  Probe  
  182  25:14  Stalker x6  
  182  25:15  Stalker x2  
  190  25:32  Disruptor x2 (Chrono Boost), Pylon  
  143  25:57  Stalker x3  
  143  25:58  Stalker x5  
  161  26:06  Disruptor (Chrono Boost)  
  163  26:15  Disruptor (Chrono Boost)  
  165  26:34  Observer (Chrono Boost)  
  165  26:35  Zealot x5  
  170  26:50  Stalker  
  170  26:51  Stalker  
  156  27:15  Observer  
  147  27:29  Zealot x6  
  137  27:50  Zealot x4  
  131  28:19  Disruptor (Chrono Boost)  
  131  28:20  Zealot x2  
  130  28:40  Zealot x2  
Tags
 
Add a new tag
Caveats
  • Supply blocks, unpowered buildings, or Contaminate may cause inaccurate times.
  • Supply counts are checked every 10 seconds.